 Dungeon Crawl Stone Soup version 0.23-a0-494-g91793a9 (webtiles) character file.

548 theanonym the Chopper (level 7, -4/52 HPs)
             Began as a Mummy Warper on Dec 3, 2018.
             Was a Follower of Nemelex Xobeh.
             Killed from afar by Dowan (20 damage)
             ... with a shard of ice
             ... on level 4 of the Dungeon.
             The game lasted 00:06:36 (3938 turns).

theanonym the Chopper (Mummy Warper)                Turns: 3938, Time: 00:06:37

Health: -4/52      AC:  6    Str: 17    XL:     7   Next: 7%
Magic:  11/11      EV: 11    Int: 12    God:    Nemelex Xobeh [*.....]
Gold:   181        SH:  0    Dex: 11    Spells: 11/11 levels left

rFire    x . .     SeeInvis .   a - +0 war axe (elec)
rCold    + . .     Gourm    .   (no shield)
rNeg     + + +     Faith    .   d - +0 ring mail
rPois    ∞         Spirit   .   l - +0 helmet
rElec    .         Reflect  .   (no cloak)
rCorr    +         Harm     .   (no gloves)
MR       .....                  (no boots)
Stlth    +.........             (no amulet)
HPRegen  0.17/turn              m - ring of resist corrosion
MPRegen  0.12/turn              (no ring)

@: no status effects
A: no food or potions, fire vulnerability, cold resistance 1, negative energy
resistance 3, torment resistance, unbreathing
a: Renounce Religion


Innate Abilities, Weirdness & Mutations

You do not eat or drink.
Your flesh is vulnerable to fire.
You are immune to poison.
Your flesh is cold resistant. (rC+)
You are immune to negative energy. (rN+++)
You are immune to unholy pain and torment.
You can survive without breathing.


   Skills:
 - Level 3.1 Fighting
 + Level 4.9(5.4) Axes
 - Level 3.3(4.6) Maces & Flails
 - Level 0.7 Throwing
 - Level 0.7 Armour
 - Level 1.5 Dodging
 - Level 2.6 Spellcasting
   Level 2.4 Translocations


You had 11 spell levels left.
You didn't know any spells.
Your spell library contained the following spells:

 Spells                   Type           Power        Failure   Level  Hunger
 Blink                    Tloc           N/A          26%         2    N/A
 Shroud of Golubria       Chrm/Tloc      #.........   41%         2    N/A
 Gell's Gravitas          Tloc           #.........   45%         3    N/A
 Lesser Beckoning         Tloc           #.........   45%         3    N/A
 Teleport Other           Tloc           #.......     45%         3    N/A
 Passage of Golubria      Tloc           N/A          86%         4    N/A

Skill      XL: |  1  2  3  4  5  6 |
---------------+-------------------+-----
Maces & Flails | 2 3 |  3.3
Fighting       | 3 |  3.1
Axes           | 1 3 4 |  4.9
Throwing       | |  0.7
Armour         | |  0.7
Dodging        | |  1.5
Spellcasting   | |  2.6
Translocations | |  2.4

Action                   |  1- 3 |  4- 6 |  7- 9 || total
-------------------------+-------+-------+-------++-------
Melee: Mace              |   167 |    25 |       ||   192
       War axe           |       |    93 |     5 ||    98
Throw: Tomahawk          |       |     2 |       ||     2
Evoke: Deck              |       |    10 |     1 ||    11
  Use: Scroll            |       |     5 |       ||     5
Armor: Leather armour    |    16 |       |       ||    16
       Ring mail         |    66 |    58 |     1 ||   125
Dodge: Dodged            |   135 |   117 |     6 ||   258

Inventory:

Hand Weapons
 a - a +0 war axe of electrocution (weapon)
   (You found it on level 2 of the Dungeon)
 k - a +0 mace
Missiles
 e - 3 tomahawks of dispersal (quivered)
Armour
 b - a +0 leather armour
 d - a +0 ring mail (worn)
   (You took it off a hobgoblin on level 1 of the Dungeon)
 l - a +0 helmet (worn)
   (You took it off Robin on level 2 of the Dungeon)
Jewellery
 c - an uncursed amulet of harm {unknown}
   (You found it on level 4 of the Dungeon)
 m - a ring of resist corrosion (left hand)
   (You found it on level 2 of the Dungeon)
Wands
 i - a wand of random effects (13)
   (You took it off Jessica on level 2 of the Dungeon)
Scrolls
 f - a scroll of fog
 h - a scroll of immolation
 j - 2 scrolls of enchant weapon
 n - 2 scrolls of remove curse
 r - 3 scrolls of identify
 t - 2 scrolls of teleportation {!r}
 B - a scroll of blinking
Miscellaneous
 o - a plain deck of destruction {drawn: 2} {god gift}
   (Nemelex Xobeh gifted it to you on level 3 of the Dungeon)


You were on level 4 of the Dungeon.
You worshipped Nemelex Xobeh.
Nemelex Xobeh was aware of your devotion.
You were not hungry.

You visited 1 branch of the dungeon, and saw 4 of its levels.

You collected 181 gold pieces.

Dungeon Overview and Level Annotations

Branches:
Dungeon (4/15)
 Temple: D:4-7

Altars:
Kikubaaqudgha
Nemelex Xobeh

Annotations:
D:4 Dowan

#..#...##...####+###...##...#.
#..#...#......#....#...'....#.
#..#...#......#....#...##..##.
#..#...########...##...##..##.
#..#...#......#...##...##.....
#..#...#......'....'...+......
#..#...#......#...##...##..##.
#..#...#.....e#'####...##..##.
#..#...#.....@#....#.......#..
#..#...#......+....#.......#..
#..#...#......######.......#..
#..#...#######)....#...##..#..
#..#....# #.....######..#..
#..#....# #.....# #...'..
#..#....# #.....# #...#..
######### #.....# #######
#######


You could see Dowan.

Notes
Turn   | Place    | Note
-------+----------+-------------------------------------------
     0 | D:1      | theanonym the Mummy Warper began the quest for the Orb.
     0 | D:1      | Reached XP level 1. HP: 16/16 MP: 4/4
     0 | D:1      | Found an ancient bone altar of Kikubaaqudgha.
     8 | D:1      | Found a sparkling altar of Nemelex Xobeh.
    31 | D:1      | Became a worshipper of Nemelex Xobeh the Trickster
    53 | D:1      | Reached skill level 2 in Maces & Flails
    71 | D:1      | Reached XP level 2. HP: 17/22 MP: 5/5
   131 | D:1      | HP: 8/22 [hobgoblin (5)]
   135 | D:1      | Received a gift from Nemelex Xobeh
   393 | D:1      | HP: 11/23 [dart slug/slug dart (6)]
   615 | D:1      | HP: 11/23 [kobold (3)]
   940 | D:1      | Reached XP level 3. HP: 26/28 MP: 7/7
  1453 | D:2      | Reached skill level 3 in Maces & Flails
  1456 | D:2      | Noticed Robin
  1470 | D:2      | Killed Robin
  1470 | D:2      | Reached XP level 4. HP: 19/34 MP: 8/8
  1472 | D:2      | HP: 17/34 [hobgoblin/cursed -1 club[Robin] (3)]
  1478 | D:2      | HP: 6/34 [hobgoblin/cursed -1 club[Robin] (4)]
  1546 | D:2      | HP: 10/34 [hobgoblin/cursed -1 club[Robin] (1)]
  1773 | D:2      | Reached skill level 3 in Fighting
  2272 | D:2      | Noticed Jessica
  2276 | D:2      | Killed Jessica
  2276 | D:2      | Reached skill level 1 in Axes
  2312 | D:3      | Received a gift from Nemelex Xobeh
  2336 | D:3      | Reached XP level 5. HP: 40/41 MP: 9/9
  2409 | D:3      | Reached skill level 2 in Axes
  2410 | D:3      | Reached * piety under Nemelex Xobeh
  2792 | D:4      | Noticed an ogre
  2806 | D:3      | HP: 19/41 [orc/+0 mace (2)]
  3069 | D:4      | Reached skill level 3 in Axes
  3073 | D:4      | HP: 10/41 [orc priest/divine providence (13)]
  3074 | D:4      | Reached XP level 6. HP: 12/47 MP: 10/10
  3338 | D:4      | Received a gift from Nemelex Xobeh
  3367 | D:4      | Noticed a porcupine
  3367 | D:4      | an ogre changed into a porcupine
  3376 | D:4      | Killed a porcupine
  3594 | D:4      | Reached skill level 4 in Axes
  3920 | D:4      | Noticed Duvessa
  3920 | D:4      | Noticed Dowan
  3930 | D:4      | Killed Duvessa
  3930 | D:4      | Reached XP level 7. HP: 47/52 MP: 11/11
  3934 | D:4      | HP: 26/52 [Dowan/shard of ice (13)]
  3938 | D:4      | Killed from afar by Dowan

Vanquished Creatures
  Duvessa (D:4)
  A porcupine (D:4)
  2 orc wizards
  An orc priest (D:4)
  Jessica (D:2)
  Robin (D:2)
  3 gnolls (D:3)
  5 adders
  3 dart slugs
  2 leopard geckos
  6 orcs
  A ball python (D:1)
  4 giant cockroaches
  17 goblins
  8 hobgoblins
  7 jackals
  A quokka (D:3)
  A ball python skeleton (D:4)
  7 bats
  3 frilled lizards
  2 kobolds (D:1)
  A quokka skeleton (D:4)
  7 rats
85 creatures vanquished.

Vanquished Creatures (collateral kills)
  An ogre (D:4)
  A giant cockroach (D:4)
2 creatures vanquished.

Grand Total: 87 creatures vanquished

Table legend:
 A = Turns spent in this place as a percentage of turns spent in the entire game.
 B = Non-inter-level travel turns spent in this place as a percentage of non-inter-level travel turns spent in the entire game.
 C = Inter-level travel turns spent in this place as a percentage of turns spent in this place.
 D = Turns resting spent in this place as a percentage of non-inter-level travel turns spent in this place.
 E = Turns spent auto-exploring this place as a percentage of non-inter-level travel turns spent in this place.
 F = Non-inter-level travel turns spent in this place divided by the number of levels of this place that you've seen.
                   A       B       C       D       E      F
               +-------+-------+-------+-------+-------+----------------------
         Total | 100.0 | 100.0 |   4.4 |  42.8 |  38.9 | 940.8
       Dungeon | 100.0 | 100.0 |   4.4 |  42.8 |  38.9 | 940.8
               +-------+-------+-------+-------+-------+----------------------
